 Dungeon Crawl Stone Soup version 0.31-a0-986-g5e6e4ef867 (webtiles) character file.

Game seed: 12449807143632359448

3247 croobank the Chiller (level 9, 0/69 HPs)
             Began as a Demonspawn Ice Elementalist on Nov 23, 2023.
             Was an Initiate of Kikubaaqudgha.
             Succumbed to a hornet's poison
             ... on level 8 of the Dungeon.
             The game lasted 00:30:42 (10940 turns).

croobank the Chiller (Demonspawn Ice Elementalist) Turns: 10940, Time: 00:30:42

Health: 0/69       AC: 10    Str: 10    XL:     9   Next: 67%
Magic:  12/17      EV: 11    Int: 24    God:    Kikubaaqudgha [......]
Gold:   411        SH:  5    Dex: 11    Spells: 10/19 levels left

rFire   x . .        d - +1 dagger
rCold   . . .        (no shield)
rNeg    . . .        F - +0 ring mail of the Heavens {Str+2 Stlth+}
rPois   .            (helmet restricted)
rElec   .            u - +0 cloak
rCorr   .            (no gloves)
SInv    .            (no boots)
Will    .....        q - amulet of reflection
Stlth   ++           (no ring)
HPRegen 0.31/turn    (no ring)
MPRegen 0.15/turn

%: reflection
@: lethally poisoned (0 -> -5), ice-armoured, silenced, slowed, invisible, very
slow
A: hooves 1, horns 1, powered by pain 2, spiny 1, clever 1, clumsy 1, heat
vulnerability 1, inability to read after injury 1
a: Renounce Religion


You were on level 8 of the Dungeon.
You worshipped Kikubaaqudgha.
Kikubaaqudgha was noncommittal.
You visited 2 branches of the dungeon, and saw 9 of its levels.
You also visited: Ossuary.

You collected 411 gold pieces.

Inventory:

Hand Weapons
 d - a +1 dagger (weapon)
 e - a +0 short sword
 n - a +1 whip of flaming
 x - a +4 quarterstaff of chaos
Missiles
 a - a throwing net
 i - 15 poisoned darts
 k - 10 boomerangs (quivered)
 o - 4 datura-tipped darts
 J - 4 javelins
Armour
 l - a +0 ring mail
 u - a +0 cloak (worn)
 y - a +0 leather armour of cold resistance
 F - the +0 ring mail of the Heavens (worn) {Str+2 Stlth+}
   (You found it on level 6 of the Dungeon)

   Str+2:     It affects your strength (+2).
   Stlth+:    It makes you more stealthy.
 I - a +0 kite shield
Magical Staves
 m - a staff of air
Jewellery
 q - an amulet of reflection (around neck)
 H - a ring of protection from cold
Talismans
 f - a serpent talisman
Wands
 c - a wand of iceblast (9)
 j - a wand of digging (8)
 C - a wand of polymorph (20)
 G - a wand of flame (31)
Scrolls
 h - a scroll of poison
 p - 2 scrolls of fog
 r - 2 scrolls of teleportation
 t - a scroll of enchant weapon
 v - a scroll of amnesia
 w - 2 scrolls of noise
 D - 2 scrolls of enchant armour {unknown}
 E - 3 scrolls of identify
 K - 2 scrolls of fear {unknown}
 M - a scroll of vulnerability {unknown}
Potions
 b - 2 potions of magic
 g - 3 potions of brilliance
 s - 2 potions of enlightenment
 A - 3 potions of resistance


   Skills:
 + Level 5.9 Fighting
 + Level 5.8 Dodging
 + Level 6.3 Stealth
 + Level 5.8 Spellcasting
 + Level 6.7 Ice Magic


You had 10 spell levels left.
You knew the following spells:

 Your Spells              Type           Power      Damage    Failure   Level
a - Freeze                Ice            100%       1d10      1%          1
b - Ozocubu's Armour      Ice            39%        N/A       3%          3
c - Frozen Ramparts       Ice            78%        1d12      3%          3
d - Wereblood             Tmut           7%         N/A       32%         2

Your spell library contained the following spells:

 Spells                   Type           Power      Damage    Failure   Level
 Ensorcelled Hibernation  Hex/Ice        46%        N/A       8%          2
 Passwall                 Tmut/Erth      5%         N/A       32%         2
 Sublimation of Blood     Necr           7%         N/A       32%         2
 Summon Ice Beast         Ice/Summ       23%        N/A       45%         4
 Swiftness                Air            7%         N/A       54%         3
 Metabolic Englaciation   Hex/Ice        11%        N/A       82%         5
 Petrify                  Tmut/Erth      7%         N/A       91%         4
 Summon Hydra             Summ           3%         N/A       100%        7


Dungeon Overview and Level Annotations

Branches:
Dungeon (8/15)             Temple (1/1) D:7         Ossuary (visited)
   Lair: D:8-11

Altars:
Ashenzari
Cheibriados
Dithmenos
Fedhas
Hepliaklqana
Kikubaaqudgha
Makhleb
Nemelex Xobeh
Okawaru
Qazlal
Ru
Sif Muna
Trog
Uskayaw
Xom
Yredelemnul


Innate Abilities, Weirdness & Mutations

You have large cloven feet.
You have a pair of small horns on your head.
You sometimes gain power by taking damage.
You are partially covered in sharp spines.
Your mind is acute. (Int +4, Str/Dex -1)
You are clumsy. (Dex -2)
You are vulnerable to heat. (rF-)
You occasionally lose the ability to read scrolls when taking damage.


Message History

Casting: Freeze (safe; 1% risk of failure)
Confirm with . or Enter, or press ? or * to list all spells.
Aiming: Freeze (safe; 1% risk of failure)
Press: ? - help, Shift-Dir - straight line, f/p - hornet
Aim: a hornet (heavily wounded)
You freeze the hornet.
The hornet is heavily wounded.
* * * LOW HITPOINT WARNING * * *
You feel very sick. The hornet stings you.
* * * LOW HITPOINT WARNING * * *
You feel as though you will be slow longer.
The hornet is struck by your spines. The hornet barely misses you.
Casting: Freeze (safe; 1% risk of failure)
Confirm with . or Enter, or press ? or * to list all spells.
Aiming: Freeze (safe; 1% risk of failure)
Press: ? - help, Shift-Dir - straight line, f/p - hornet
Aim: a hornet (severely wounded)
You freeze the hornet.
The hornet is almost dead.
* * * LOW HITPOINT WARNING * * *
You feel very sick.
The hornet stings you but does no damage.
The hornet misses you.
You feel better. The hornet stings you.
* * * LOW HITPOINT WARNING * * *
You are lethally poisoned!
You feel as though you will be slow longer.
You block the hornet's attack.
You fade into invisibility!
* * * LOW HITPOINT WARNING * * *
You feel very sick. The hornet completely misses you.
The hornet is struck by your spines.
You kill the hornet!
Kikubaaqudgha accepts your kill.
Okay, then.
As you read the scroll labelled VOLOET NAUPN, it crumbles to dust.
A profound silence engulfs you.
It was a scroll of silence.
You die...
Kikubaaqudgha rasps: "You have failed me!
Welcome... death!"

##<.## #....# #....# #....#
#....#
##..#######################
##..##..##...#............##
#.......#................(.#
#.......#...†@.............#
#.......#..................#
##..##..#............##...##
##..##..#............##...##
#...##..##.####?#######....#
#...##..##. #####.>.##....#
###'# .... ..............#
##..# .. ........##..(##
#...# ... .........#####


There were no monsters in sight!

Vanquished Creatures
  Pikel (D:4)
  2 hornets
  Prince Ribbit (D:5)
  Sigmund (D:3)
  Eustachio (D:5)
  A wraith (Ossuary)
  Menkaure (D:6)
  2 water moccasins (D:7)
  Duvessa (D:6)
  An orc warrior (D:5)
  3 ice beasts
  A black bear (D:5)
  An ogre (D:3)
  Blork the orc (D:6)
  A bullfrog (D:7)
  An elf zombie (Ossuary)
  Dowan (D:6)
  2 hounds
  2 jellies
  Crazy Yiuf (D:5)
  2 sleepcaps
  3 iguanas
  An orc wizard (D:6)
  A mummy (D:5)
  5 adders
  3 gnolls
  A shadow imp (D:6)
  2 white imps (D:5)
  3 worms
  A dart slug (D:4)
  20 orcs
  7 ball pythons
  5 bats
  10 endoplasms
  5 giant cockroaches
  7 goblins
  9 hobgoblins
  8 kobolds
  8 quokkas
  4 goblin zombies (Ossuary)
  4 hobgoblin zombies (Ossuary)
  A kobold zombie (Ossuary)
  8 rats
144 creatures vanquished.

Notes
Turn   | Place    | Note
-------+----------+-------------------------------------------
     0 | D:1      | croobank the Demonspawn Ice Elementalist began the quest
                  | for the Orb.
     0 | D:1      | Reached XP level 1. HP: 13/13 MP: 3/3
   217 | D:1      | Gained mutation: You are partially covered in sharp spines.
                  | [demonic ancestry]
   217 | D:1      | Reached XP level 2. HP: 19/19 MP: 5/5
   750 | D:1      | Discovered your monstrous ancestry.
   750 | D:1      | Gained mutation: You have a pair of small horns on your
                  | head. [demonic ancestry]
   750 | D:1      | Reached XP level 3. HP: 15/25 MP: 2/6
   793 | D:1      | Learned a level 3 spell: Ozocubu's Armour
   889 | D:2      | Found a stormy altar of Qazlal.
  1027 | D:2      | Reached skill level 1 in Fighting
  2041 | D:3      | Reached XP level 4. HP: 32/32 MP: 7/7
  2109 | D:3      | Noticed an ogre
  2110 | D:3      | Noticed Sigmund
  2129 | D:3      | Killed an ogre
  2130 | D:3      | Gained mutation: You sometimes gain a little power by
                  | taking damage. [demonic ancestry]
  2130 | D:3      | Reached XP level 5. HP: 18/38 MP: 1/9
  2401 | D:3      | Killed Sigmund
  2402 | D:3      | Gained mutation: You sometimes gain power by taking damage.
                  | [demonic ancestry]
  2402 | D:3      | Reached XP level 6. HP: 33/46 MP: 10/10
  2739 | D:3      | Learned a level 3 spell: Frozen Ramparts
  3172 | D:4      | Learned a level 2 spell: Wereblood
  3217 | D:4      | Identified the +0 chain mail "Ydegeh" {MP+9}
  3639 | D:4      | Found a shadowy altar of Dithmenos.
  3669 | D:4      | Found an iron altar of Okawaru.
  3868 | D:4      | Noticed Pikel
  3889 | D:4      | Killed Pikel
  3890 | D:4      | Reached skill level 5 in Ice Magic
  3890 | D:4      | Reached XP level 7. HP: 10/52 MP: 0/12
  4714 | D:5      | Entered Level 5 of the Dungeon
  4953 | D:5      | Found a sand-covered staircase.
  5060 | Ossuary  | Entered an ossuary
  5060 | Ossuary  | Noticed a wraith
  5060 | Ossuary  | Noticed a wraith
  5060 | Ossuary  | Noticed a wraith
  5124 | Ossuary  | Reached XP level 8. HP: 33/60 MP: 14/14
  5446 | Ossuary  | Gained mutation: You are vulnerable to heat. (rF-) [potion
                  | of mutation]
  5446 | Ossuary  | Gained mutation: You have hidden genetic defects. [potion
                  | of mutation]
  5446 | Ossuary  | Gained mutation: Your mind is acute. (Int +4, Str/Dex -1)
                  | [potion of mutation]
  6248 | D:5      | Noticed Prince Ribbit
  6431 | D:5      | Noticed Eustachio
  6434 | D:6      | Gained mutation: You occasionally lose the ability to read
                  | scrolls when taking damage. [hidden defects]
  6750 | D:5      | Killed Eustachio
  6751 | D:5      | Reached skill level 5 in Stealth
  7026 | D:5      | Gained mutation: You are clumsy. (Dex -2) [hidden defects]
  7026 | D:5      | Lost mutation: You have hidden genetic defects. [hidden
                  | defects expressed]
  7127 | D:5      | Found a runed translucent door.
  7128 | D:5      | Noticed Crazy Yiuf
  7138 | D:5      | Killed Crazy Yiuf
  7301 | D:5      | Killed Prince Ribbit
  7302 | D:5      | Reached skill level 5 in Spellcasting
  7700 | D:6      | Reached skill level 5 in Fighting
  7700 | D:6      | Reached skill level 5 in Dodging
  7920 | D:5      | Gained mutation: You have large cloven feet. [demonic
                  | ancestry]
  7920 | D:5      | Reached XP level 9. HP: 18/68 MP: 10/16
  8670 | D:6      | Identified the +0 ring mail of the Heavens {Str+2 Stlth+}
  8719 | D:6      | Noticed Blork the orc
  8722 | D:6      | Found a hide-covered altar of Uskayaw.
  8722 | D:6      | Noticed Menkaure
  8739 | D:6      | Killed Menkaure
  8739 | D:6      | Killed Blork the orc
  9389 | D:6      | Noticed Duvessa
  9389 | D:6      | Noticed Dowan
  9404 | D:6      | Killed Dowan
  9406 | D:6      | Killed Duvessa
  9752 | D:7      | Found a staircase to the Ecumenical Temple.
  9762 | Temple   | Entered the Ecumenical Temple
  9790 | Temple   | Became a worshipper of Kikubaaqudgha
 10939 | D:8      | HP: 2/69 [poisoned by a hornet]
 10940 | D:8      | Succumbed to a hornet's poison

Illustrated notes

Levels and vault maps discovered:
D:1:      scummos_arrival_gate, layout_loops_ring, minmay_misc_feat_rows
D:2:      layout_loops_corners, basic_altar
D:3:      minmay_chambers_of_twos, layout_basic,
          amcnicky_mini_rare_corridor_liquid, st_stairs_13, uniq_sigmund
D:4:      layout_layer_cave, mainiacjoe_overflow_two_lobes, uniq_pikel
D:5:      layout_gridville, gup_ossuary_entry_pyramid, uniq_crazy_yiuf_cottage,
          uniq_prince_ribbit1, uniq_eustachio
D:6:      layout_gridville, overflow_temple_1_default, uniq_duvessa,
          uniq_menkaure, uniq_blork_the_orc
D:7:      layout_gridville, minmay_temple_entry_junction_2
D:8:      layout_gridville, erik_lair_island
Temple:   nicolae_temple_no_exploring_needed

Skill      XL: |  1  2  3  4  5  6  7  8  9 |
---------------+----------------------------+-----
Stealth        | 2 3 4 5 6 |  6.3
Dodging        | 2 3 4 5 |  5.8
Fighting       | 1 2 3 5 |  5.9
Ice Magic      | 4 5 6 |  6.7
Spellcasting   | 3 4 5 |  5.8

Action                     |  1- 3 |  4- 6 |  7- 9 || total
---------------------------+-------+-------+-------++-------
  Melee: Dagger            |    63 |    43 |   266 ||   372
         Headbutt          |     8 |     3 |    55 ||    66
         Punch             |       |     1 |     1 ||     2
         Kick              |       |       |    20 ||    20
  Throw: Throwing net      |       |     1 |     6 ||     7
   Cast: Freeze            |    31 |    10 |    12 ||    53
         Ozocubu's Armour  |     7 |    10 |    15 ||    32
         Frozen Ramparts   |       |     5 |    11 ||    16
         Wereblood         |       |       |     2 ||     2
  Evoke: Wand              |       |     1 |     4 ||     5
    Use: Scroll            |       |     9 |     5 ||    14
         Potion            |       |     1 |    10 ||    11
   Stab: Sleeping          |     7 |     2 |    10 ||    19
 Armour: Robe              |    33 |    31 |   123 ||   187
         Ring mail         |       |       |    45 ||    45
         Leather armour    |       |       |     8 ||     8
  Dodge: Dodged            |    45 |    28 |   193 ||   266
  Block: Other             |       |       |    18 ||    18

Table legend: (Time is in decaauts)
 A = Elapsed time spent in this place.
 B = Non-inter-level travel time spent in this place.
 C = Inter-level travel time spent in this place.
 D = Time resting spent in this place.
 E = Time spent auto-exploring this place.
 F = Levels seen in this place.
 G = Mean time per level.
                   A        B        C        D        E       F      G
               +--------+--------+--------+--------+--------+-----+--------+
         Total |  10977 |  10626 |    351 |   3066 |   5921 |  10 | 1097.7 |
       Dungeon |   9786 |   9435 |    351 |   2335 |   5758 |   8 | 1223.2 |
        Temple |     37 |     37 |      0 |      0 |      0 |   1 |   37.0 |
       Ossuary |   1153 |   1153 |      0 |    731 |    163 |   1 | 1153.0 |
               +--------+--------+--------+--------+--------+-----+--------+

Top non-repeatable levels by time:
     D:6: 1827 daAuts
     D:4: 1671 daAuts
     D:5: 1646 daAuts
     D:7: 1357 daAuts
 Ossuary: 1153 daAuts
     D:2: 1144 daAuts
     D:3: 1139 daAuts
     D:1: 882 daAuts
     D:8: 116 daAuts
  Temple: 37 daAuts
